 Dungeon Crawl Stone Soup version 0.24.0-13-gcf9b3192b9 (webtiles) character file.

Game seed: 2695305561366019744, levelgen mode: deterministic

68768 bl3nd3r the Executioner (level 14, -8/133 HPs)
             Began as a Minotaur Berserker on Nov 6, 2019.
             Was the Champion of Trog.
             Killed by divine providence
             ... invoked by Saint Roka
              (10 damage)
             ... on level 2 of the Orcish Mines.
             The game lasted 01:12:36 (24538 turns).

bl3nd3r the Executioner (Minotaur Berserker)       Turns: 24538, Time: 01:12:36

Health: -8/133     AC: 20    Str: 25    XL:     14   Next: 87%
Magic:  13/13      EV: 14    Int:  4    God:    Trog [******]
Gold:   1626       SH:  0    Dex: 16    Spells: 13/13 levels left

rFire    . . .     SeeInvis +   M - +8 battleaxe of Yjaef {flame, MR++}
rCold    . . .     Gourm    .   (shield currently unavailable)
rNeg     . . .     Faith    +   B - +0 chain mail
rPois    .         Spirit   .   y - +2 hat
rElec    .         Reflect  .   d - +2 cloak
rCorr    .         Harm     .   b - +0 pair of gloves
MR       +++++                  J - +0 pair of boots (curse)
Stlth    ..........             v - amulet of faith
HPRegen  1.32/turn              N - +4 ring of dexterity
MPRegen  0.13/turn              g - ring of see invisible

@: regenerating
A: retaliatory headbutt, horns 2
a: Berserk, Trog's Hand, Brothers in Arms, Renounce Religion


You were on level 2 of the Orcish Mines.
You worshipped Trog.
Trog was exalted by your worship.
You were not hungry.

You visited 3 branches of the dungeon, and saw 20 of its levels.

You collected 1745 gold pieces.
You spent 119 gold pieces at shops.

Inventory:

Hand Weapons
 G - a +3 antimagic battleaxe
 M - the +8 battleaxe of Yjaef (weapon) {flame, MR++}
   (Trog gifted it to you on level 10 of the Dungeon)

   It has been specially enchanted to burn those struck by it, causing extra
   injury to most foes and up to half again as much damage against particularly
   susceptible opponents.
   Big, fiery blades are also staple armaments of hydra-hunters.
   It affects your resistance to hostile enchantments.
 W - the +8 double sword of Punishment {vamp, rElec rPois Int+4}
   (Trog gifted it to you on level 5 of the Lair of Beasts)

   It inflicts no extra harm, but heals its wielder when it wounds a living foe.
   It affects your intelligence (+4).
   It insulates you from electricity.
   It protects you from poison.
Missiles
 D - 5 silver javelins (quivered)
 F - 8 javelins
Armour
 a - the +0 leather armour of Daffuyfi {rCorr}
   (You found it on level 8 of the Dungeon)

   It provides partial protection from all sources of acid and corrosion.
 b - a +0 pair of gloves (worn)
 d - a +2 cloak (worn)
 y - a +2 hat (worn)
 B - a +0 chain mail (worn)
 I - a +2 shield
 J - a cursed +0 pair of boots (worn)
Jewellery
 g - a ring of see invisible (right hand)
 q - an uncursed ring of poison resistance
 t - an uncursed ring of positive energy
 v - an amulet of faith (around neck)
 w - an uncursed ring of ice
 L - an uncursed ring of protection from magic
 N - a +4 ring of dexterity (left hand)
Wands
 P - a wand of digging (12)
Scrolls
 e - a scroll of identify
 h - a scroll of random uselessness {unknown}
 j - a scroll of noise
 l - 3 scrolls of fog
 x - 6 scrolls of remove curse
 z - 7 scrolls of teleportation
 C - a scroll of blinking
 E - 3 scrolls of magic mapping
 Q - a scroll of fear
 R - 2 scrolls of enchant weapon
 T - a scroll of silence
 X - a scroll of enchant armour {unknown}
 Y - a scroll of summoning {unknown}
Potions
 f - 3 potions of agility
 i - 10 potions of might
 k - 5 potions of magic
 m - 3 potions of invisibility
 n - 4 potions of curing
 o - 3 potions of lignification
 p - a potion of cancellation
 r - 4 potions of flight
 s - a potion of brilliance
 A - a potion of mutation
 O - 2 potions of heal wounds
 U - 2 potions of degeneration {unknown}
Comestibles
 c - 35 rations


   Skills:
 * Level 14.9 Fighting
 * Level 22.0 Axes
 + Level 10.9 Armour
 - Level 8.0 Dodging
 - Level 3.6 Shields


You had 13 spell levels left.
You didn't know any spells.
Your spell library was empty.

Dungeon Overview and Level Annotations

Branches:
Dungeon (12/15)            Temple (0/1) D:5            Lair (6/6) D:11
 Shoals (0/4) Lair:3        Snake (0/4) Lair:3        Slime (0/5) Lair:5
    Orc (2/2) D:12
    Elf: Orc:2

Altars:
Dithmenos
Fedhas
Gozag
Kikubaaqudgha
Qazlal
Trog
Uskayaw
Wu Jian
Xom
Yredelemnul
The Shining One
Jiyva

Shops:
D:6 ?   Orc:2 (

Annotations:
Lair:6 3 runed translucent doors, Aviak's ghost, journeyman GnCj
Orc:2 Saint Roka


Innate Abilities, Weirdness & Mutations

You reflexively headbutt those who attack you in melee.
You have a pair of horns on your head.


Message History

* * * LOW HITPOINT WARNING * * *
The weapon returns to the orc warrior!
You feel much better. The orc warrior barely misses you.
The orc wizard barely misses you.
Saint Roka mumbles some strange prayers to Beogh against you.
Beogh smites you!
* * * LOW HITPOINT WARNING * * *
The orc barely misses you.
The orc warrior throws a boomerang.
The boomerang closely misses the orc wizard.
The boomerang barely misses you.
The weapon returns to the orc warrior!
Your skin crawls.
You feel resistant to hostile enchantments.
You feel somewhat more hungry.
The orc wizard points at you and mumbles some strange words.
The puff of flame hits you but does no damage.
The orc warrior hits you from afar with a +0 glaive!
* * * LOW HITPOINT WARNING * * *
Saint Roka invokes the aid of Beogh against you.
Beogh smites you!
You die...

.. ......... .. ...
........... #
#..######..#....... #.#
..#..#...∩#...#...... ##.#..
..#..#....#..........
...#.....#..#.)).#..........
##.###'###..#))).#....$.....
#..........##)###oo.$.....#
#..8...8....)).@ooo......$.
##..........##+###ooo.......
....).......# #oT.o......
##.###.###..# #ooooo.....
#.# #.# #..# #o..oT....#
##.###.###..######..........
...........................#
......................o...#T
##################


You could see Saint Roka, 2 trolls, 4 orc warriors, 2 orc priests, an orc wizard
(invisible) and 5 orcs.

Vanquished Creatures
  Gastronok (Lair:1)
  Kirke (Lair:6)
  A dire elephant (Lair:1)
  Josephine (D:12)
  Harold (D:6)
  8 hydras
  A catoblepas (D:12)
  2 two-headed ogres
  A merfolk avatar (Lair:6)
  6 death yaks
  Nergalle (D:10)
  Sonja (Orc:2)
  Urug (D:11)
  2 unseen horrors
  2 sea snakes (Lair:6)
  A lindwurm (Lair:1)
  An ugly thing (D:12)
  5 oklob plants
  8 orc sorcerers
  A cyclops (D:12)
  A manticore (Lair:6)
  6 elephants
  3 torpor snails
  A gargoyle (D:12)
  A merfolk siren (Lair:3)
  9 spiny frogs
  8 komodo dragons
  5 rime drakes
  5 polar bears
  4 trolls
  2 hornets
  2 wind drakes (Lair:6)
  6 hippogriffs
  6 dream sheep (Lair:2)
  13 blink frogs
  9 wyverns
  4 wraiths (D:12)
  31 yaks
  Eustachio (D:5)
  3 basilisks
  5 hogs
  A human (D:10)
  2 vampire mosquitoes (Lair:2)
  2 hungry ghosts (D:12)
  4 insubstantial wisps (Lair:2)
  Edmund (D:5)
  6 wargs
  19 water moccasins
  A two-headed ogre zombie (D:12)
  A soldier ant (D:9)
  13 porcupines
  2 sky beasts
  A hornet zombie (D:6)
  15 orc warriors
  2 swamp drakes (Lair:2)
  2 eyes of draining
  3 black bears
  A necrophage (D:5)
  4 phantoms
  6 ice beasts
  8 ogres
  5 wolves (Lair:5)
  6 centaurs
  11 crocodiles
  3 big kobolds
  15 bullfrogs
  A gnoll sergeant (D:9)
  A wyvern zombie (D:10)
  6 scorpions
  3 troll zombies (D:12)
  11 killer bees
  10 wights
  3 electric eels
  4 howler monkeys
  5 crimson imps
  3 centaur zombies
  8 hounds
  A gnoll shaman (D:9)
  3 centaur skeletons
  2 jellies
  16 orc priests
  A bullfrog skeleton (D:9)
  Ijyb (D:5)
  8 worker ants
  2 iguanas
  27 orc wizards
  4 ogre zombies (D:12)
  A hound skeleton (D:9)
  A worker ant zombie (D:8)
  A howler monkey skeleton (D:9)
  10 adders
  10 gnolls
  A shadow imp (D:11)
  2 oozes
  3 adder skeletons
  An adder zombie (D:8)
  2 worms
  6 leopard geckos
  90 orcs
  3 ball pythons
  7 bats
  7 giant cockroaches
  6 goblins
  5 hobgoblins
  13 jackals
  17 kobolds
  6 quokkas
  4 frilled lizards
  4 goblin skeletons (D:12)
  2 goblin zombies (D:12)
  A hobgoblin skeleton (D:12)
  3 hobgoblin zombies (D:12)
  2 orc skeletons (D:12)
  13 orc zombies (D:12)
  6 rats
  6 fungi
  2 plants (Lair:6)
660 creatures vanquished.

Vanquished Creatures (others)
  A human (Lair:6)
  2 fungi (Lair:6)
  13 plants
  12 toadstools (Lair:1)
28 creatures vanquished.

Grand Total: 688 creatures vanquished

Notes
Turn   | Place    | Note
-------+----------+-------------------------------------------
     0 | D:1      | bl3nd3r the Minotaur Berserker began the quest for the Orb.
     0 | D:1      | Reached XP level 1. HP: 19/19 MP: 0/0
    56 | D:1      | Reached skill level 4 in Axes
    67 | D:1      | Reached XP level 2. HP: 6/26 MP: 1/1
   805 | D:1      | Reached skill level 5 in Axes
   889 | D:1      | Reached XP level 3. HP: 25/31 MP: 2/2
  1217 | D:2      | Found a faded altar of an unknown god.
  1225 | D:2      | Reached ** piety under Trog
  1256 | D:2      | Found a shadowy altar of Dithmenos.
  1644 | D:2      | Reached skill level 6 in Axes
  1644 | D:2      | Reached XP level 4. HP: 39/39 MP: 3/3
  1919 | D:3      | Reached skill level 7 in Axes
  1919 | D:3      | Reached XP level 5. HP: 45/45 MP: 4/4
  2554 | D:4      | Noticed a phantom
  2587 | D:4      | Killed a phantom
  2587 | D:4      | Reached skill level 8 in Axes
  2704 | D:4      | Reached XP level 6. HP: 37/51 MP: 5/5
  2956 | D:4      | Reached skill level 9 in Axes
  3231 | D:4      | Reached XP level 7. HP: 57/57 MP: 6/6
  3755 | D:5      | Entered Level 5 of the Dungeon
  3771 | D:5      | Reached *** piety under Trog
  3807 | D:5      | Found a staircase to the Ecumenical Temple.
  3825 | D:5      | Reached skill level 10 in Axes
  3919 | D:5      | Noticed Ijyb
  3947 | D:5      | Killed Ijyb
  4061 | D:5      | Noticed Eustachio
  4107 | D:5      | Killed Eustachio
  4107 | D:5      | Reached skill level 11 in Axes
  4253 | D:5      | Reached XP level 8. HP: 51/63 MP: 7/7
  4373 | D:5      | Noticed Edmund
  4391 | D:5      | Killed Edmund
  4644 | D:5      | Reached skill level 12 in Axes
  5667 | D:6      | Reached skill level 5 in Fighting
  5804 | D:6      | Found Jycil's Magic Scroll Shop.
  5807 | D:6      | Bought a scroll of identify for 28 gold pieces
  5807 | D:6      | Bought a scroll of teleportation for 42 gold pieces
  5807 | D:6      | Bought a scroll of magic mapping for 49 gold pieces
  5938 | D:6      | Reached XP level 9. HP: 73/73 MP: 8/8
  6196 | D:7      | Reached skill level 13 in Axes
  6313 | D:7      | Found a blossoming altar of Fedhas.
  6313 | D:7      | Found an opulent altar of Gozag.
  6313 | D:7      | Found an ancient bone altar of Kikubaaqudgha.
  6448 | D:7      | Noticed Harold
  6469 | D:6      | Killed Harold
  6469 | D:6      | Reached skill level 5 in Armour
  6800 | D:7      | Found a glowing golden altar of the Shining One.
  6830 | D:7      | Found a hide-covered altar of Uskayaw.
  6923 | D:8      | Reached **** piety under Trog
  7092 | D:8      | Reached skill level 5 in Dodging
  7198 | D:8      | Reached XP level 10. HP: 72/87 MP: 9/9
  7362 | D:8      | Got a bloodstained leather armour
  7383 | D:8      | Identified the cursed +0 leather armour of Daffuyfi {rCorr}
                  | (You found it on level 8 of the Dungeon)
  7444 | D:8      | HP: 4/90 [centaur warrior skeleton (5)]
  7703 | D:8      | Reached skill level 14 in Axes
  8113 | D:8      | Identified a scroll of acquirement
  8159 | D:9      | Found a shimmering altar of Xom.
  8159 | D:9      | Found a bloodstained altar of Trog.
  8159 | D:9      | Found a stormy altar of Qazlal.
  8159 | D:9      | Found an ornate altar of the Wu Jian Council.
  8346 | D:9      | Reached ***** piety under Trog
  8369 | D:9      | Reached skill level 1 in Shields
  9215 | D:9      | Found a basalt altar of Yredelemnul.
  9424 | D:10     | Entered Level 10 of the Dungeon
  9613 | D:10     | Noticed Nergalle
  9625 | D:10     | Killed Nergalle
  9625 | D:10     | Reached skill level 10 in Fighting
 10319 | D:10     | Reached XP level 11. HP: 65/100 MP: 10/10
 10770 | D:10     | Received a gift from Trog
 10780 | D:10     | Got a crystal battleaxe {god gift}
 10787 | D:10     | Identified the +8 battleaxe of Yjaef {flame, MR++} (Trog
                  | gifted it to you on level 10 of the Dungeon)
 10814 | D:10     | Reached skill level 15 in Axes
 11018 | D:11     | Noticed Urug
 11018 | D:11     | Noticed a six-headed hydra
 11025 | D:10     | Killed a four-headed hydra
 11190 | D:11     | Killed Urug
 11413 | D:11     | Noticed an unseen horror
 11421 | D:11     | Killed an unseen horror
 11465 | D:11     | Reached skill level 16 in Axes
 11704 | D:11     | Noticed a two-headed ogre
 11718 | D:11     | Killed a two-headed ogre
 12108 | D:11     | Found a staircase to the Lair.
 12206 | D:11     | Reached skill level 17 in Axes
 12385 | Lair:1   | Entered Level 1 of the Lair of Beasts
 12721 | Lair:1   | Noticed a seven-headed hydra
 12753 | Lair:1   | Killed a two-headed hydra
 12830 | Lair:1   | Noticed an eight-headed hydra
 12922 | Lair:1   | Killed a six-headed hydra
 12922 | Lair:1   | Reached skill level 18 in Axes
 12922 | Lair:1   | Reached XP level 12. HP: 96/107 MP: 11/11
 13232 | Lair:1   | Found a basalt altar of Yredelemnul.
 13510 | Lair:1   | Noticed Gastronok
 13518 | Lair:1   | Killed Gastronok
 13658 | Lair:1   | Noticed a dire elephant
 13679 | Lair:1   | Found a runed translucent door.
 14279 | Lair:1   | Killed a dire elephant
 14279 | Lair:1   | Reached skill level 19 in Axes
 14369 | Lair:1   | Identified the Collected Works on the Arsonist and Darkness
 14844 | Lair:2   | Reached skill level 20 in Axes
 15274 | Lair:3   | Reached ****** piety under Trog
 15274 | Lair:3   | Received a gift from Trog
 15417 | Lair:3   | Found a runed translucent door.
 15459 | Lair:3   | Found a staircase to the Snake Pit.
 15493 | Lair:3   | Noticed an eight-headed hydra
 15502 | Lair:3   | Killed a five-headed hydra
 15800 | Lair:3   | Found a staircase to the Shoals.
 15849 | Lair:3   | Noticed a four-headed hydra
 15855 | Lair:3   | Killed a two-headed hydra
 16328 | Lair:3   | Noticed a five-headed hydra
 16481 | Lair:3   | Killed a three-headed hydra
 16487 | Lair:3   | Reached XP level 13. HP: 98/116 MP: 12/12
 17799 | Lair:5   | Received a gift from Trog
 17800 | Lair:5   | Got an ancient double sword {god gift}
 18865 | Lair:5   | Found a staircase to the Slime Pits.
 19067 | Lair:6   | Entered Level 6 of the Lair of Beasts
 19160 | Lair:6   | Reached skill level 21 in Axes
 20078 | Lair:6   | Reached XP level 14. HP: 129/129 MP: 13/13
 20190 | Lair:6   | Noticed Kirke
 20196 | Lair:6   | Received a gift from Trog
 20205 | Lair:6   | Killed Kirke
 20696 | Lair:6   | Found a runed translucent gate.
 20702 | Lair:6   | Found a runed translucent gate.
 20703 | Lair:6   | Found a runed translucent gate.
 20706 | Lair:6   | Found a viscous altar of Jiyva.
 20706 | Lair:6   | Noticed Aviak's ghost (journeyman GnCj)
 21504 | Lair:5   | Reached skill level 10 in Armour
 21842 | D:12     | Found a staircase to the Orcish Mines.
 21862 | D:12     | Received a gift from Trog
 22261 | D:12     | Noticed Josephine
 22273 | D:12     | Killed Josephine
 22973 | Orc:1    | Entered Level 1 of the Orcish Mines
 23478 | Orc:1    | Received a gift from Trog
 23480 | Orc:1    | Identified the +8 double sword of Punishment {vamp, rElec
                  | rPois Int+4} (Trog gifted it to you on level 5 of the Lair
                  | of Beasts)
 23766 | Orc:2    | Entered Level 2 of the Orcish Mines
 23766 | Orc:2    | Noticed Sonja
 23780 | Orc:2    | Killed Sonja
 24165 | Orc:2    | Reached skill level 22 in Axes
 24220 | Orc:2    | Received a gift from Trog
 24457 | Orc:2    | Found Riser's Weapon Shoppe.
 24528 | Orc:2    | Noticed Saint Roka
 24536 | Orc:2    | HP: 6/133 [orc warrior/boomerang[Saint Roka] (6)]
 24538 | Orc:2    | HP: 2/133 [orc warrior/+0 glaive[Saint Roka] (17)]
 24538 | Orc:2    | Killed from afar by Saint Roka

Levels and vault maps discovered:
D:1:      eino_arrival_cavern_e, layout_loops_ring
D:2:      layout_basic, overflow_temple_1_default,
          chequers_ecumenical_altar_island, minmay_tetromino_o4
D:3:      layout_rooms, corexii_leaking_fountain
D:4:      layout_basic
D:5:      layout_gridville, temple_fountains, first_ration, uniq_edmund,
          uniq_eustachio, uniq_ijyb
D:6:      layout_loops_cross, serial_shops, nicolae_shop_behind_doors
D:7:      layout_basic, marbit_many_paths,
          chequers_temple_overflow_statue_of_worship, basic_altar, uniq_harold
D:8:      layout_loops_ring
D:9:      layout_loops_ring, lemuel_coloured_pillars_altar,
          grunt_temple_overflow_open
D:10:     layout_roguey, grunt_livestock, chequers_big_river, uniq_nergalle
D:11:     layout_basic, lair_entry_dummy, uniq_urug
D:12:     layout_roguey, zombieorc2_lemuel, uniq_josephine
Lair:1:   gammafunk_lair_enchanted_lake, layout_long_grid, basic_altar,
          st_stairs_12, lemuel_fruit_tree, uniq_gastronok
Lair:2:   layout_gridlike, pond, serial_bayou_shore_a
Lair:3:   layout_chaotic_city, minmay_shoals_entry_lonely_mermaid,
          dummy_snake_entry, pf_torpor_hydra, serial_bayou_shore_b,
          grunt_megastairs_4, infiniplex_staircase_pool_2
Lair:4:   layout_regular_city, minmay_lair_oklob_chamber, grunt_megastairs_5
Lair:5:   layout_cave_shapes, minmay_slime_entry_oklob_enclosed,
          chequers_serial_rivers_micro_b, beast_lair_carwin_2
Lair:6:   gammafunk_lair_ancient_temple, layout_gridlike, gammafunk_ghost_ooze,
          uniq_kirke
Orc:1:    layout_diamond_mine
Orc:2:    st_orc_town, layout_diamond_mine, uniq_saint_roka, uniq_sonja

Skill      XL: |  1  2  3  4  5  6  7  8  9 10 11 12 13 14 |
---------------+-------------------------------------------+-----
Axes           | 4 5 6 7 8 9 11 12 13 14 18 20 21 22 | 22.0
Fighting       | 5 8 10 11 13 14 | 14.9
Armour         | 3 5 7 9 10 | 10.9
Dodging        | 3 5 7 8 |  8.0
Shields        | 3 |  3.6

Action                   |  1- 3 |  4- 6 |  7- 9 | 10-12 | 13-15 || total
-------------------------+-------+-------+-------+-------+-------++-------
Melee: Hand axe          |    84 |    90 |   279 |    25 |       ||   478
       Headbutt          |     5 |    15 |    61 |    92 |   119 ||   292
       Unarmed           |       |       |    12 |       |       ||    12
       War axe           |       |       |       |   232 |       ||   232
       Battleaxe         |       |       |       |   229 |   533 ||   762
Invok: Berserk           |     1 |     2 |     5 |    10 |     2 ||    20
       Trog's Hand       |       |     1 |     5 |     4 |     2 ||    12
Evoke: Wand              |       |       |       |       |    12 ||    12
  Use: Scroll            |       |     3 |     7 |    12 |     5 ||    27
       Potion            |       |       |     1 |     2 |     3 ||     6
 Stab: Sleeping          |     1 |       |       |       |       ||     1
       Confused          |       |       |     1 |       |       ||     1
  Eat: Chunk             |     3 |     7 |    19 |    26 |    16 ||    71
       Ration            |       |       |       |     4 |     4 ||     8
Armor: Animal skin       |    15 |       |       |       |       ||    15
       Leather armour    |    11 |    21 |    75 |    16 |       ||   123
       Chain mail        |       |       |    25 |   201 |   233 ||   459
Dodge: Dodged            |    65 |    56 |   154 |   188 |   272 ||   735
Block: Shield            |       |       |       |    37 |       ||    37
       Buckler           |       |       |       |    11 |       ||    11
